 Dungeon Crawl Stone Soup version 0.23.2 (webtiles) character file.

Game seed: 4957364151723744134

8159 Borgoz the Slicer (level 11, -5/73 HPs)
             Began as a Gargoyle Gladiator on Apr 7, 2019.
             Was a Follower of Ashenzari.
             Slain by an eight-headed hydra (7 damage)
             ... on level 1 of the Lair of Beasts.
             The game lasted 00:17:13 (10767 turns).

Borgoz the Slicer (Gargoyle Gladiator)             Turns: 10767, Time: 00:17:14

Health: -5/73      AC: 14    Str: 23    XL:     11   Next: 26%
Magic:  20/20      EV: 17    Int:  9    God:    Ashenzari [*.....]
Gold:   503        SH:  5    Dex: 14    Spells: 8/10 levels left

rFire    + . .     SeeInvis +   a - +0 rapier (curse)
rCold    . . .     Gourm    .   A - +0 buckler {reflect}
rNeg     + . .     Faith    .   z - +1 leather armour {rF+}
rPois    ∞         Spirit   .   c - +0 helmet
rElec    +         Reflect  +   (no cloak)
rCorr    .         Harm     .   (no gloves)
MR       .....                  (no boots)
Stlth    +.........             (no amulet)
HPRegen  0.22/turn              h - +3 ring of slaying
MPRegen  0.17/turn              E - ring of magical power

@: mighty, studying Bows
A: see invisible, negative energy resistance 1, robust 1, electricity
resistance, unbreathing, petrification resistance, rot immunity, AC +8
a: Curse Item, Scrying, Renounce Religion


You were on level 1 of the Lair of Beasts.
You worshipped Ashenzari.
Ashenzari was aware of your devotion.
You were hungry.

You visited 3 branches of the dungeon, and saw 12 of its levels.

You collected 613 gold pieces.
You spent 110 gold pieces at shops.

Inventory:

Hand Weapons
 a - a cursed +0 rapier (weapon)
 r - a +0 vampiric dagger
 C - a +2 hand crossbow of freezing
 K - a +0 rapier
Missiles
 e - 3 steel tomahawks (quivered)
 v - 9 tomahawks
Armour
 c - a +0 helmet (worn)
 z - a +1 leather armour of fire resistance (worn)
 A - a +0 buckler of reflection (worn)
Jewellery
 b - an uncursed ring of protection from magic
 h - a +3 ring of slaying (left hand)
 E - a ring of magical power (right hand)
Wands
 x - a wand of flame (27)
 B - a wand of paralysis (8)
 H - a wand of polymorph (10)
 I - a wand of iceblast (16)
 L - a wand of random effects (15)
Scrolls
 g - a scroll of amnesia
 i - 4 scrolls of remove curse
 m - 2 scrolls of fog {unknown}
 n - 2 scrolls of magic mapping {unknown}
 o - 3 scrolls of blinking {unknown}
 p - 6 scrolls of enchant armour {unknown}
 t - 4 scrolls of enchant weapon {unknown}
 u - 4 scrolls of fear {unknown}
 w - a scroll of teleportation
 y - 4 scrolls of identify
Potions
 d - 2 potions of magic
 k - 2 potions of mutation
 l - a potion of resistance
 q - a potion of lignification {unknown}
 s - 5 potions of curing
 G - a potion of brilliance {unknown}
Books
 F - a manual of Bows
Comestibles
 f - 25 rations


   Skills:
 + Level 7.6 Fighting
 * Level 9.1 Short Blades
 - Level 1.7 Throwing
 + Level 7.0 Armour
 * Level 8.2 Dodging
 + Level 6.3 Shields


You had 8 spell levels left.
You knew the following spells:

 Your Spells              Type           Power        Failure   Level  Hunger
a - Blink                 Tloc           N/A          56%         2    ###....

Your spell library contained the following spells:

 Spells                   Type           Power        Failure   Level  Hunger
 Magic Dart               Conj           #...         41%         1    ##.....
 Call Imp                 Summ           #.......     56%         2    ###....
 Slow                     Hex            #.......     56%         2    ###....
 Conjure Flame            Conj/Fire      #.......     80%         3    ####...
 Mephitic Cloud           Conj/Pois/Air  #.......     80%         3    ####...
 Bolt of Magma            Conj/Fire/Erth #.........   100%        5    ######.
 Iskenderun's Battlesphe  Conj/Chrm      #.......     100%        5    ######.
 Venom Bolt               Conj/Pois      #.........   100%        5    ######.
 Iron Shot                Conj/Erth      #.........   100%        6    #######
 Orb of Destruction       Conj           #.........   100%        7    #######
 Spellforged Servitor     Conj/Summ      #.........   100%        7    #######


Dungeon Overview and Level Annotations

Branches:
Dungeon (10/15)            Temple (1/1) D:6            Lair (1/6) D:9
    Orc (0/2) D:9

Altars:
Ashenzari
Cheibriados
Dithmenos
Elyvilon
Fedhas
Gozag
Hepliaklqana
Kikubaaqudgha
Makhleb
Nemelex Xobeh
Okawaru
Qazlal
Ru
Sif Muna
Trog
Uskayaw
Vehumet
Wu Jian
Xom
Yredelemnul
Zin
The Shining One

Shops:
D:5 [   D:8 =

Annotations:
Lair:1 1 runed translucent door, exclusion: oklob plant, Wuochyse's ghost, journeyman DEWz


Innate Abilities, Weirdness & Mutations

You are resistant to torment.
Your stone body is resilient. (AC +8)
You are immune to poison.
You resist negative energy. (rN+)
You are resistant to electric shocks. (rElec)
You can survive without breathing.
You are immune to petrification.
You are immune to rotting.
You have supernaturally acute eyesight. (SInv)
You are robust. (+10% HP)


Message History

The eight-headed hydra closely misses you.
The eight-headed hydra bites you. The eight-headed hydra bites you!
The eight-headed hydra bites you.
The eight-headed hydra barely misses you.
The eight-headed hydra bites you.
* * * LOW HITPOINT WARNING * * *
Okay, then.
You puncture the eight-headed hydra!
The eight-headed hydra is heavily wounded.
You hit the eight-headed hydra.
The eight-headed hydra is heavily wounded.
The eight-headed hydra bites you.
* * * LOW HITPOINT WARNING * * *
The eight-headed hydra bites you!
* * * LOW HITPOINT WARNING * * *
The eight-headed hydra bites you but does no damage. x2
The eight-headed hydra misses you.
You block the eight-headed hydra's attack.
The eight-headed hydra bites you!
You die...

##### #.... ###########
#..## ..........# ##.# .
..#..#.#.# #.# ...
#+#.#@##.## ##.#
....[#.8FD###..# ####..#
#...(## #.###.##.....##
#........##...##........#
#......[...#...###+##....
#.......)....#..##%W(##...
.........#........##.##....
....##.8.###...#.#####.....
?.## #...##....####P#P.....


You could see an eight-headed hydra and a bullfrog.

Vanquished Creatures
  2 hydras
  Joseph (Lair:1)
  Maurice (D:9)
  2 dream sheep (D:8)
  A hippogriff (Lair:1)
  Sigmund (D:5)
  2 yaks (D:8)
  Menkaure (D:6)
  A black bear (D:9)
  4 orc warriors
  A porcupine (Lair:1)
  A sky beast (D:8)
  3 ice beasts
  2 necrophages
  An eye of draining (D:8)
  7 ogres
  10 centaurs
  4 big kobolds
  Blork the orc (D:5)
  6 bullfrogs
  A gnoll sergeant (D:9)
  4 scorpions
  A killer bee (D:8)
  A howler monkey (D:4)
  3 electric eels
  4 crimson imps
  3 centaur zombies (D:9)
  2 bullfrog zombies
  5 hounds
  3 orc priests
  2 jellies
  2 orc wizards (D:6)
  2 bullfrog skeletons
  6 iguanas
  5 worker ants
  3 hound skeletons
  A worker ant zombie (D:8)
  4 gnolls (D:9)
  18 adders
  An ooze (D:7)
  4 adder skeletons
  An adder zombie (D:9)
  2 dart slugs
  3 worms
  4 leopard geckos
  23 orcs
  3 ball pythons
  8 giant cockroaches
  8 goblins
  10 hobgoblins
  10 jackals
  11 kobolds
  5 quokkas
  7 bats
  2 frilled lizards
  A giant cockroach zombie (D:6)
  A jackal skeleton (D:6)
  A leopard gecko skeleton (D:4)
  8 rats
  A bush (Lair:1)
  4 fungi (Lair:1)
  2 plants (Lair:1)
242 creatures vanquished.

Vanquished Creatures (others)
  A worm (D:5)
  A kobold (D:10)
  5 toadstools (D:2)
7 creatures vanquished.

Grand Total: 249 creatures vanquished

Notes
Turn   | Place    | Note
-------+----------+-------------------------------------------
     0 | D:1      | Borgoz the Gargoyle Gladiator began the quest for the Orb.
     0 | D:1      | Reached XP level 1. HP: 12/12 MP: 1/1
    68 | D:1      | Reached XP level 2. HP: 11/17 MP: 2/2
   275 | D:1      | Reached skill level 3 in Short Blades
   485 | D:1      | Reached XP level 3. HP: 22/22 MP: 3/3
  1084 | D:2      | Reached skill level 1 in Armour
  1371 | D:2      | Reached XP level 4. HP: 21/27 MP: 4/4
  1872 | D:3      | Reached XP level 5. HP: 32/32 MP: 5/5
  2319 | D:3      | Found a deep blue altar of Sif Muna.
  2319 | D:3      | Found a shimmering altar of Xom.
  2320 | D:3      | Found a blossoming altar of Fedhas.
  2622 | D:4      | Noticed an ogre
  2632 | D:4      | Killed an ogre
  2632 | D:4      | Reached skill level 4 in Short Blades
  2632 | D:4      | Reached XP level 6. HP: 37/37 MP: 6/6
  2965 | D:5      | Entered Level 5 of the Dungeon
  2999 | D:5      | Reached XP level 7. HP: 37/42 MP: 7/7
  3025 | D:5      | Found Ipuopaq's Armour Emporium.
  3028 | D:5      | Bought a +0 buckler of reflection for 110 gold pieces
  3044 | D:5      | Noticed Blork the orc
  3073 | D:5      | Gained mutation: You are robust. (+10% HP) [potion of
                  | mutation]
  3073 | D:5      | Gained mutation: You have supernaturally acute eyesight.
                  | (SInv) [potion of mutation]
  3076 | D:5      | Killed Blork the orc
  3522 | D:5      | Reached skill level 1 in Shields
  3523 | D:5      | Found a radiant altar of Vehumet.
  3533 | D:5      | Reached skill level 5 in Short Blades
  3744 | D:5      | Noticed Sigmund
  3759 | D:5      | Killed Sigmund
  3759 | D:5      | Reached XP level 8. HP: 52/52 MP: 8/8
  4211 | D:6      | Reached skill level 5 in Dodging
  4233 | D:6      | Found a staircase to the Ecumenical Temple.
  4265 | Temple   | Entered the Ecumenical Temple
  4758 | D:6      | Reached skill level 5 in Fighting
  4766 | D:6      | Reached skill level 6 in Short Blades
  4942 | D:6      | HP: 2/53 [orc warrior/+0 scimitar (12)]
  5290 | D:6      | Noticed Menkaure
  5294 | D:6      | Reached XP level 9. HP: 59/59 MP: 9/9
  5305 | D:6      | Killed Menkaure
  6107 | D:7      | Found a shattered altar of Ashenzari.
  6186 | D:7      | Became a worshipper of Ashenzari the Shackled
  6378 | D:7      | Reached skill level 5 in Armour
  6512 | D:7      | Reached skill level 7 in Short Blades
  7140 | D:8      | Found a glowing silver altar of Zin.
  7295 | D:8      | Reached XP level 10. HP: 65/66 MP: 10/10
  7451 | D:8      | Reached skill level 5 in Shields
  7491 | D:8      | Noticed a three-headed hydra
  7504 | D:8      | Killed a three-headed hydra
  7504 | D:8      | Reached skill level 8 in Short Blades
  7734 | D:8      | Found Ysuota's Jewellery Boutique.
  8536 | D:9      | Found a staircase to the Orcish Mines.
  8554 | D:9      | Noticed Maurice
  8565 | D:9      | Killed Maurice
  8573 | D:9      | Found a white marble altar of Elyvilon.
  8848 | D:9      | Found a staircase to the Lair.
  8883 | D:9      | Reached * piety under Ashenzari
  9120 | D:9      | Learned a level 2 spell: Blink
  9173 | D:9      | Reached XP level 11. HP: 63/73 MP: 11/11
  9681 | D:10     | Entered Level 10 of the Dungeon
  9749 | D:10     | Noticed a six-headed hydra
  9814 | Lair:1   | Entered Level 1 of the Lair of Beasts
  9844 | Lair:1   | Found a runed translucent door.
  9844 | Lair:1   | Found a shimmering altar of Xom.
  9844 | Lair:1   | Noticed Wuochyse's ghost (journeyman DEWz)
  9844 | Lair:1   | Noticed a +2 war axe of chaos
  9857 | Lair:1   | Noticed a five-headed hydra
  9872 | Lair:1   | Killed a five-headed hydra
  9872 | Lair:1   | Reached skill level 9 in Short Blades
  9986 | Lair:1   | Found a blossoming altar of Fedhas.
  9992 | Lair:1   | Noticed Joseph
 10014 | Lair:1   | Killed Joseph
 10049 | Lair:1   | Noticed an oklob plant
 10746 | Lair:1   | Noticed an eight-headed hydra
 10767 | Lair:1   | HP: 2/73 [eight-headed hydra (11)]
 10767 | Lair:1   | Slain by an eight-headed hydra

Skill      XL: |  1  2  3  4  5  6  7  8  9 10 11 |
---------------+----------------------------------+-----
Short Blades   | 3 4 5 6 7 8 9 |  9.1
Armour         | 1 2 3 4 5 6 7 |  7.0
Dodging        | 3 4 5 6 7 8 |  8.2
Fighting       | 3 4 5 6 7 |  7.6
Shields        | 2 3 4 6 |  6.3
Throwing       | |  1.7

Action                   |  1- 3 |  4- 6 |  7- 9 | 10-12 || total
-------------------------+-------+-------+-------+-------++-------
Melee: Rapier            |   141 |   200 |   493 |   524 ||  1358
       Unarmed           |       |       |       |    10 ||    10
Throw: Throwing net      |       |     1 |     5 |     1 ||     7
       Tomahawk          |       |       |     1 |       ||     1
  Use: Potion            |       |       |    10 |     4 ||    14
       Scroll            |       |       |     8 |       ||     8
 Stab: Sleeping          |     1 |     1 |       |       ||     2
  Eat: Chunk             |     2 |     5 |    14 |     8 ||    29
       Ration            |       |       |       |     1 ||     1
Armor: Leather armour    |    61 |    64 |   132 |   108 ||   365
Dodge: Dodged            |   104 |   157 |   261 |   237 ||   759
Block: Buckler           |       |       |    92 |   101 ||   193
       Reflection        |       |       |     1 |     5 ||     6
